 Dungeon Crawl Stone Soup version 0.27.1-15-g792fb953b9 (webtiles) character file.

Game seed: 9810399467617860289

131 bearlyready the Cutter (level 5, -1/32 HPs)
             Began as a Kobold Fighter on Nov 18, 2021.
             Slain by an orc priest (3 damage)
             ... on level 3 of the Dungeon.
             The game lasted 00:03:25 (3081 turns).

bearlyready the Cutter (Kobold Fighter)             Turns: 3081, Time: 00:03:25

Health: -1/32      AC:  6    Str: 13    XL:     5   Next: 37%
Magic:  5/5        EV: 10    Int: 10    God:
Gold:   48         SH:  5    Dex: 15    Spells: 4/4 levels left

rFire    . . .     SeeInvis .   a - +0 rapier
rCold    . . .     Faith    .   c - +0 buckler
rNeg     . . .     Spirit   .   b - +0 scale mail
rPois    .         Reflect  .   (no helmet)
rElec    .         Harm     .   (no cloak)
rCorr    .         Rampage  .   (no gloves)
Will     .....                  (no boots)
Stlth    ++........             (no amulet)
HPRegen  0.10/turn              (no ring)
MPRegen  0.09/turn              (no ring)

@: no status effects
A: small, no large weapons, nightstalker 3
a: no special abilities


You were on level 3 of the Dungeon.
You visited 1 branch of the dungeon, and saw 3 of its levels.

You collected 48 gold pieces.

Inventory:

Hand Weapons
 a - a +0 rapier (weapon)
Missiles
 g - a boomerang of dispersal (quivered)
Armour
 b - a +0 scale mail (worn)
 c - a +0 buckler (worn)
Scrolls
 i - a scroll of amnesia {unknown}
 j - 2 scrolls of enchant weapon {unknown}
 k - a scroll of summoning {unknown}
 l - a scroll of silence {unknown}
 o - 3 scrolls of identify {unknown}
Potions
 d - a potion of might
 e - 2 potions of curing
 f - a potion of brilliance {unknown}
 h - a potion of degeneration {unknown}
 m - a potion of berserk rage {unknown}
 n - a potion of resistance {unknown}


   Skills:
 - Level 3.2 Fighting
 + Level 5.2 Short Blades
 - Level 2.4 Armour
 + Level 4.6 Stealth
 - Level 2.4 Shields


You had 4 spell levels left.
You didn't know any spells.
Your spell library contained the following spells:

 Spells                   Type           Power      Damage    Failure   Level
 Ozocubu's Armour         Ice            0%         N/A       100%        3
 Metabolic Englaciation   Hex/Ice        0%         N/A       100%        5
 Simulacrum               Ice/Necr       0%         N/A       100%        6


Dungeon Overview and Level Annotations

Branches:
Dungeon (3/15)

Altars:
Elyvilon
Fedhas
Sif Muna
Beogh


Innate Abilities, Weirdness & Mutations

You are small and have problems with some larger weapons.
You are completely attuned to the shadows.


Message History

The orc priest hits you with a +0 short sword.
The orc priest looks braver for a moment.
Your unstable footing causes you to fumble your attack.
The orc priest splashes around in the water.
You hit the orc priest.
The orc priest is heavily wounded.
The orc priest hits you with a +0 short sword.
An orc comes into view. It is wielding a +0 hand axe.
The orc priest hits you with a +0 short sword.
You are too injured to fight recklessly!
You completely miss the orc priest.
The orc priest is heavily wounded.
The orc priest hits you with a +0 short sword.
The orc shouts!
You hit the orc priest.
The orc priest is heavily wounded.
The orc priest mumbles some strange prayers to Beogh against you.
You barely resist.
You hit the orc priest but do no damage.
The orc priest is heavily wounded.
The orc hits you with a +0 hand axe.
The orc priest hits you but does no damage.
You aren't carrying any items that you can evoke.
Unknown command.
Your scale mail prevents you from hitting the orc priest.
The orc priest is heavily wounded.
You block the orc's attack.
The orc priest splashes around in the water.
You hit the orc priest but do no damage.
The orc priest is heavily wounded.
You block the orc's attack.
The orc priest invokes the aid of Beogh against you.
Beogh smites you!
Ouch! That really hurt!
* * * LOW HITPOINT WARNING * * *
It was a potion of curing.
You feel better. The orc hits you with a +0 hand axe.
* * * LOW HITPOINT WARNING * * *
The orc priest hits you with a +0 short sword.
You die...

# ## ......≈≈≈≈
##...≈≈≈≈P ≈≈≈≈..##
...≈≈≈≈.._..≈≈≈≈...
#.≈≈≈≈.P..♣≈≈≈≈..#
####..≈≈≈≈P>.≈≈≈≈..####
......≈≈≈≈≈≈≈≈≈≈o.....#
#####..≈≈≈≈≈≈≈≈≈@o....#
...###..≈≈≈≈≈≈≈).).....
...'......≈≈≈........#.
...######.......###..o.
#..# ##)##...# ..#.
...# #)##...# ...o #..#
#.##...# ..#. ...#
#.###### #.## #.#


You could see an orc priest and an orc.

Vanquished Creatures
  3 adders
  4 dart slugs
  11 orcs (D:3)
  5 bats
  7 endoplasms
  14 giant cockroaches
  5 goblins
  9 hobgoblins
  2 quokkas
  4 ball pythons
  2 frilled lizards
  4 kobolds (D:2)
  7 rats
77 creatures vanquished.

Vanquished Creatures (others)
  3 plants (D:3)
3 creatures vanquished.

Grand Total: 80 creatures vanquished

Notes
Turn   | Place    | Note
-------+----------+-------------------------------------------
     0 | D:1      | bearlyready the Kobold Fighter began the quest for the Orb.
     0 | D:1      | Reached XP level 1. HP: 14/14 MP: 1/1
   120 | D:1      | Reached skill level 3 in Short Blades
   120 | D:1      | Reached skill level 1 in Stealth
   545 | D:1      | Reached XP level 2. HP: 19/19 MP: 2/2
   886 | D:1      | Reached XP level 3. HP: 23/23 MP: 3/3
  1201 | D:1      | Reached skill level 4 in Short Blades
  1276 | D:1      | Found a faded altar of an unknown god.
  1694 | D:2      | Reached XP level 4. HP: 28/28 MP: 4/4
  2236 | D:3      | Found a shimmering blue altar of Sif Muna.
  2418 | D:3      | Reached XP level 5. HP: 31/32 MP: 5/5
  2470 | D:3      | Found a white marble altar of Elyvilon.
  2686 | D:3      | Reached skill level 5 in Short Blades
  3072 | D:3      | Found a blossoming altar of Fedhas.
  3080 | D:3      | HP: 1/32 [orc priest/divine providence (16)]
  3081 | D:3      | Slain by an orc priest

Illustrated notes

Levels and vault maps discovered:
D:1:      eino_arrival_druids_welcome, layout_loops_corners,
          hellmonk_ecumenical_altar_defaced_shrine
D:2:      layout_loops_cross
D:3:      minmay_roachtagon, layout_basic, nicolae_sif_muna_condensation,
          fedhas_ov_isle_minmay, elyvilon_altar_5, serial_glass,
          glass_columns_b, glass_columns_c, glass_columns_b, glass_columns_b,
          glass_columns_c, glass_columns_a

Skill      XL: |  1  2  3  4  5 |
---------------+----------------+-----
Short Blades   | 3 4 5 |  5.2
Stealth        | 1 2 3 4 |  4.6
Fighting       | |  3.2
Armour         | |  2.4
Shields        | |  2.4

Action                   |  1- 3 |  4- 6 || total
-------------------------+-------+-------++-------
Melee: Rapier            |    96 |   103 ||   199
Throw: Boomerang         |       |     2 ||     2
  Use: Potion            |       |     1 ||     1
 Stab: Sleeping          |     9 |     7 ||    16
Armor: Scale mail        |    26 |    42 ||    68
Dodge: Dodged            |    34 |    33 ||    67
Block: Buckler           |    19 |    26 ||    45
